Map: Tours du crépuscule

Players

Ganib - Winner!

  • Race: Zerg Zerg
  • League: Silver
  • Spawn Location: 1:00

zidar

  • Race: Zerg Zerg
  • League: Silver
  • Spawn Location: 7:00

VOD

Have the link to the VOD?

Description

Time

  • Played on: Dec. 28, 2015, 9:44 a.m.
  • Length: 10:53
Show
View Real Time Build Order
Export as new Build Order

Ganib Zerg - Winner!

Build Orders: Pool First 

Get SALT Encoding   

  12  0:02  Drone  
  13  0:09  Drone  
  14  0:23  Overlord  
  14  0:28  Extractor  
  13  0:29  Drone  
  15  0:44  Spawning Pool  
  15  0:46  Extractor, Drone  
  14  0:51  Drone  
  15  1:10  Drone x3  
  18  1:28  Hatchery  
  17  1:34  Zergling x4  
  19  1:52  Roach Warren  
  18  1:57  Zergling x2  
  18  1:58  Zergling x2  
  20  2:02  Queen  
  22  2:10  Overlord  
  22  2:23  Extractor, Drone  
  22  2:43  Roach x3  
  28  2:53  Drone  
  28  2:54  Drone  
  30  3:02  Metabolic Boost  
  30  3:06  Roach  
  32  3:28  Roach x2  
  32  3:31  Overlord x2  
  36  3:50  Drone  
  36  3:52  Drone  
  36  3:53  Drone x3  
  41  4:02  Drone  
  42  4:06  Overlord  
  42  4:15  Lair  
  42  4:18  Drone x2  
  42  4:22  Drone  
  42  4:23  Drone  
  46  4:41  Evolution Chamber  
  46  4:43  Overlord  
  46  4:44  Overlord  
  45  5:04  Roach x6  
  57  5:07  Zergling x2  
  57  5:08  Zergling x2  
  58  5:28  Spire, Glial Reconstitution  
  57  5:37  Drone x5  
  62  5:46  Overseer  
  62  5:49  Overseer  
  62  5:53  Queen  
  64  5:58  Extractor  
  64  6:00  Extractor  
  62  6:07  Zerg Missile Weapons Level 1  
  62  6:12  Zergling x2  
  62  6:13  Zergling x10  
  62  6:15  Overlord  
  68  6:44  Mutalisk x2  
  72  6:54  Mutalisk  
  69  7:37  Mutalisk x3  
  69  7:38  Mutalisk x2  
  73  7:47  Roach  
  73  7:48  Roach x3  
  81  8:11  Ravager x3  
  84  8:15  Hatchery  
  60  8:38  Mutalisk x3  
  66  8:41  Roach x2  
  60  8:49  Mutalisk  
  52  9:25  Roach x6  
  64  9:31  Queen  
  66  9:42  Zergling x4  
  68  10:02  Roach x4  
  74  10:18  Roach x4  
Show
View Real Time Build Order
Export as new Build Order

zidar Zerg 

Build Orders: Pool First 

Get SALT Encoding   

  12  0:03  Drone  
  13  0:16  Overlord  
  13  0:18  Drone  
  14  0:37  Spawning Pool  
  14  0:38  Drone  
  14  0:46  Extractor  
  14  0:48  Drone  
  14  0:52  Drone x2  
  16  1:00  Drone  
  17  1:24  Hatchery  
  16  1:30  Drone  
  17  1:38  Queen  
  19  1:51  Baneling Nest  
  18  1:56  Drone  
  18  1:59  Drone  
  20  2:02  Overlord  
  20  2:17  Queen  
  22  2:29  Roach Warren  
  21  2:31  Drone  
  22  2:42  Drone x3  
  25  2:59  Overlord x2  
  25  3:11  Roach  
  27  3:15  Overlord x2  
  27  3:21  Roach  
  29  3:39  Drone x7  
  36  3:55  Roach  
  38  3:56  Roach x2  
  42  4:21  Roach  
  42  4:22  Roach x7  
  59  4:31  Drone  
  59  4:32  Drone  
  59  4:34  Overlord  
  60  4:47  Evolution Chamber  
  60  4:52  Extractor  
  58  5:04  Ravager x3  
  61  5:26  Overlord  
  61  5:27  Overlord x2  
  61  5:29  Zergling x2  
  61  5:30  Zergling x12  
  68  5:45  Ravager  
  68  5:46  Zerg Missile Weapons Level 1  
  69  5:59  Roach x4  
  77  6:30  Ravager  
  77  6:31  Hatchery  
  77  6:39  Metabolic Boost  
  77  6:48  Zergling x2  
  77  6:49  Zergling x24  
  82  7:49  Roach x8  
  98  7:53  Overlord  
  98  7:54  Overlord x2  
  98  7:55  Overlord  
  48  9:09  Roach  
  54  9:10  Roach x8  
  44  9:24  Spore Crawler  
  44  9:25  Spore Crawler, Zergling x4  
  44  9:26  Zergling x2  
  44  9:27  Spore Crawler  
  44  9:36  Zergling x2  
  44  9:37  Zergling x4  
  49  9:50  Zergling x4  
  51  9:58  Ravager  
  50  10:01  Zergling x2  
  50  10:02  Zergling x10  
Tags
 
Add a new tag
Caveats
  • Supply blocks, unpowered buildings, or Contaminate may cause inaccurate times.
  • Supply counts are checked every 10 seconds.